Map: Ruins of Seras

Players

Sonagi - Winner!

  • Race: Terran Terran
  • League: Grandmaster

oGsForGG

  • Race: Terran Terran
  • League: Master

VOD

Have the link to the VOD?

Description

Time

  • Played on: Nov. 28, 2015, 4:52 p.m.
  • Length: 6:59
Show
View Real Time Build Order
Export as new Build Order

Sonagi Terran - Winner!

Build Orders: 1/1/1, Widow Mine Drop 

Get SALT Encoding   

  12  0:01  SCV  
  13  0:13  SCV  
  14  0:17  Supply Depot  
  14  0:25  SCV  
  15  0:32  Refinery  
  15  0:39  SCV  
  16  0:45  Barracks  
  16  0:51  SCV  
  17  1:03  SCV  
  18  1:15  SCV  
  19  1:32  Orbital Command  
  19  1:34  Factory, Marine  
  20  1:41  Supply Depot  
  20  1:44  Refinery  
  20  1:52  Marine  
  21  1:57  SCV  
  22  2:09  SCV  
  22  2:11  Marine  
  24  2:18  Starport  
  24  2:19  Widow Mine  
  24  2:21  SCV  
  27  2:29  Marine  
  28  2:30  Supply Depot  
  28  2:34  SCV  
  29  2:46  SCV  
  29  2:47  Marine  
  29  2:49  Factory Tech Lab  
  31  2:54  Medivac  
  31  2:57  Supply Depot  
  33  2:58  SCV  
  34  3:08  Engineering Bay  
  34  3:13  Barracks Reactor  
  34  3:20  Cyclone  
  37  3:31  Viking  
  39  3:38  Missile Turret  
  36  4:10  Command Center  
  36  4:19  Marine x2  
  36  4:23  Siege Tank  
  41  4:28  Medivac  
  43  4:37  Marine  
  44  4:40  Missile Turret, Marine  
  44  4:44  SCV  
  44  4:56  SCV  
  38  5:00  Siege Tank  
  41  5:07  Medivac  
  42  5:15  SCV, Marine  
  42  5:18  Marine  
  42  5:27  SCV  
  43  5:32  Orbital Command  
  43  5:34  Marine  
  44  5:38  Marine  
  45  5:47  Siege Tank  
  48  5:57  SCV  
  48  6:00  Marine  
  48  6:01  Missile Turret  
  51  6:07  Marine  
  47  6:21  SCV  
  47  6:22  Siege Tank  
  47  6:25  Marine  
Show
View Real Time Build Order
Export as new Build Order

oGsForGG Terran 

Build Orders: 1/1/1, Banshee Rush 

Get SALT Encoding   

  12  0:01  SCV  
  13  0:13  SCV  
  14  0:20  Supply Depot  
  14  0:25  SCV  
  15  0:30  Refinery  
  15  0:41  SCV  
  16  0:46  Barracks  
  16  0:53  SCV  
  17  1:05  SCV  
  18  1:18  SCV  
  19  1:32  Orbital Command  
  19  1:33  Factory  
  19  1:34  Marine  
  19  1:37  Refinery  
  20  1:43  Supply Depot  
  20  1:52  Marine  
  21  1:58  SCV  
  22  2:10  SCV, Barracks Tech Lab  
  23  2:17  Hellion, Starport  
  25  2:23  SCV  
  25  2:29  Supply Depot  
  26  2:36  Barracks Reactor  
  26  2:38  SCV, Hellion  
  29  2:50  SCV  
  30  2:59  Banshee, Widow Mine  
  30  3:02  Cloaking Field  
  35  3:07  SCV  
  35  3:10  Supply Depot  
  36  3:15  Marine  
  36  3:16  Marine  
  38  3:21  SCV  
  39  3:33  SCV  
  40  3:36  Marine x2  
  40  3:39  Factory Tech Lab  
  42  3:42  Banshee  
  43  3:54  Marine x2  
  42  4:01  SCV  
  43  4:12  Marine x2  
  43  4:13  Supply Depot  
  45  4:26  SCV  
  46  4:34  Banshee  
  46  4:35  Siege Tank  
  52  4:50  SCV  
  50  5:00  Command Center  
  50  5:07  Siege Tank  
  53  5:17  Marine  
  53  5:18  Marine  
  52  5:22  SCV  
  53  5:33  Supply Depot  
  53  5:39  Marine  
  53  5:40  Marine  
  55  5:54  Banshee  
  55  5:55  Siege Tank  
  55  5:56  SCV  
  62  5:57  Marine  
Tags
 
Add a new tag
Caveats
  • Supply blocks, unpowered buildings, or Contaminate may cause inaccurate times.
  • Supply counts are checked every 10 seconds.